 Dungeon Crawl Stone Soup version 0.24.0-125-gc4c63601f3 (webtiles) character file.

Game seed: 5079265943919635939, levelgen mode: deterministic

135 Exporg the Firebug (level 5, 0/28 HPs)
             Began as a Tengu Fire Elementalist on Mar 3, 2020.
             Killed from afar by an orc wizard (7 damage)
             ... with a magic dart
             ... on level 4 of the Dungeon.
             The game lasted 00:09:20 (4132 turns).

Exporg the Firebug (Tengu Fire Elementalist)        Turns: 4132, Time: 00:09:21

Health: 0/28       AC:  2    Str:  8    XL:     5   Next: 18%
Magic:  8/10       EV: 13    Int: 17    God:
Gold:   106        SH:  0    Dex: 14    Spells: 0/10 levels left

rFire    . . .     SeeInvis .   n - +1 dagger (flame)
rCold    . . .     Gourm    .   (no shield)
rNeg     . . .     Faith    .   a - +0 robe
rPois    .         Spirit   .   (helmet restricted)
rElec    .         Reflect  .   (no cloak)
rCorr    .         Harm     .   (no gloves)
MR       .....                  (boots unavailable)
Stlth    ++........             (no amulet)
HPRegen  0.09/turn              (no ring)
MPRegen  0.12/turn              (no ring)

@: no status effects
A: beak, talons 3, able to fly
a: Fly


You were on level 4 of the Dungeon.
You were not hungry.

You visited 1 branch of the dungeon, and saw 4 of its levels.

You collected 106 gold pieces.

Inventory:

Hand Weapons
 d - a +0 dagger
 n - a +1 dagger of flaming (weapon)
Armour
 a - a +0 robe (worn)
Scrolls
 b - 3 scrolls of enchant armour {unknown}
 e - 2 scrolls of identify {unknown}
 j - a scroll of blinking {unknown}
 k - a scroll of magic mapping {unknown}
 l - a scroll of noise {unknown}
Potions
 i - a potion of degeneration {unknown}
 m - a potion of agility {unknown}
Comestibles
 c - 5 rations
 f - 6 chunks of flesh


   Skills:
 + Level 0.2 Fighting
 + Level 0.5 Short Blades
 + Level 2.5 Dodging
 + Level 2.8 Stealth
 + Level 3.0 Spellcasting
 + Level 2.7 Conjurations
 + Level 4.3 Fire Magic


You couldn't memorise any spells.
You knew the following spells:

 Your Spells              Type           Power        Failure   Level  Hunger
a - Flame Tongue          Conj/Fire      ##...        4%          1    None
b - Throw Flame           Conj/Fire      ##....       6%          2    ##.....
c - Inner Flame           Hex/Fire       ##......     22%         3    ###....
d - Sticky Flame          Conj/Fire      ##......     38%         4    ####...

Your spell library contained the following spells:

 Spells                   Type           Power        Failure   Level  Hunger
 Conjure Flame            Conj/Fire      ##......     12%         3    ###....
 Fireball                 Conj/Fire      ##........   75%         5    ######.


Dungeon Overview and Level Annotations

Branches:
Dungeon (4/15)
 Temple: D:4-7

Altars:
Fedhas
Kikubaaqudgha
Qazlal


Innate Abilities, Weirdness & Mutations

You have a beak for a mouth.
You have claws for feet.
You can fly continuously.


Message History

A puff of flame appears from out of thin air!
The puff of flame misses you.
You hit something but do no damage. Something hits you.
You barely miss something. Your kick misses something.
Your peck misses something. Something hits you.
Casting: Flame Tongue (safe; 4% risk of failure)
Confirm with . or Enter, or press ? or * to list all spells.
Aiming: Flame Tongue (safe; 4% risk of failure)
Press: ? - help, Shift-Dir - straight line The flame tongue hits something!
Something hits you.
* * * LOW HITPOINT WARNING * * *
Casting: Flame Tongue (safe; 4% risk of failure)
Confirm with . or Enter, or press ? or * to list all spells.
Aiming: Flame Tongue (safe; 4% risk of failure)
Press: ? - help, Shift-Dir - straight line The flame tongue hits something.
You hear some strange, mumbled words.
A magic dart appears from out of thin air!
The magic dart hits you!
You die...

## ### .. ..# .#
#.# .#########.#
...........#
...........########
............)).{@<#
...........########
.########### ?# .#
.. .. .. ...


There were no monsters in sight!

Vanquished Creatures
  5 adders
  A gnoll (D:3)
  An ooze (D:2)
  2 worms (D:2)
  A dart slug (D:1)
  A leopard gecko (D:2)
  4 orcs (D:4)
  5 giant cockroaches
  5 goblins
  8 hobgoblins
  3 jackals (D:2)
  10 kobolds
  A ball python (D:1)
  4 bats
  A frilled lizard (D:2)
  10 rats
62 creatures vanquished.

Notes
Turn   | Place    | Note
-------+----------+-------------------------------------------
     0 | D:1      | Exporg the Tengu Fire Elementalist began the quest for the
                  | Orb.
     0 | D:1      | Reached XP level 1. HP: 10/10 MP: 4/4
   211 | D:1      | Reached XP level 2. HP: 15/15 MP: 1/6
  1010 | D:1      | Reached XP level 3. HP: 19/19 MP: 4/7
  1052 | D:1      | Learned a level 2 spell: Throw Flame
  1056 | D:1      | Learned a level 3 spell: Inner Flame
  1523 | D:2      | Reached skill level 4 in Fire Magic
  1558 | D:2      | Found a stormy altar of Qazlal.
  2044 | D:2      | Reached XP level 4. HP: 24/24 MP: 4/9
  2464 | D:2      | Found an ancient bone altar of Kikubaaqudgha.
  3492 | D:3      | Found a blossoming altar of Fedhas.
  3643 | D:3      | Gained mutation: You can fly continuously. [Tengu growth]
  3643 | D:3      | Reached XP level 5. HP: 7/28 MP: 6/10
  3893 | D:3      | Learned a level 4 spell: Sticky Flame
  4132 | D:4      | Killed from afar by an orc wizard

Levels and vault maps discovered:
D:1:      dpeg_arrival_rhombi, layout_loops_ring
D:2:      layout_loops_ring, grunt_qazlal_clouds, overflow_temple_1_default,
          serial_forest, infiniplex_forest_clump_curved,
          infiniplex_forest_straight_3, infiniplex_forest_lined_corner,
          infiniplex_forest_clump_large, infiniplex_forest_diagonal,
          infiniplex_forest_corner_1
D:3:      layout_loops_corners, palyth_stone_intersect, minivault_19,
          fedhas_altar_2
D:4:      layout_basic, nicolae_overflow_crystal_walls

Skill      XL: |  1  2  3  4 |
---------------+-------------+-----
Fire Magic     | 4 |  4.3
Conjurations   | 2 |  2.7
Spellcasting   | 3 |  3.0
Fighting       | |  0.2
Short Blades   | |  0.5
Dodging        | |  2.5
Stealth        | |  2.8

Action                   |  1- 3 |  4- 6 || total
-------------------------+-------+-------++-------
Melee: Unarmed           |     4 |       ||     4
       Dagger            |    41 |    18 ||    59
       Kick              |     6 |     5 ||    11
       Peck              |     3 |     1 ||     4
 Cast: Flame Tongue      |    58 |    33 ||    91
       Throw Flame       |     5 |     9 ||    14
  Use: Potion            |       |     2 ||     2
 Stab: Sleeping          |     4 |     2 ||     6
  Eat: Chunk             |     1 |     7 ||     8
       Ration            |     1 |       ||     1
Armor: Robe              |    13 |     4 ||    17
Dodge: Dodged            |    71 |    30 ||   101
